Map: [ESL] Cosmic Sapphire

Players

ShaDoWn - Winner!

  • Race: Protoss Protoss
  • Spawn Location: 5:00

DnS

  • Race: Protoss Protoss
  • Spawn Location: 11:00

Event: DreamHack SC2 Masters 2022 Valencia

VOD

Have the link to the VOD?

Description

Time

  • Played on: July 2, 2022, 4:35 a.m.
  • Length: 11:31

All games in this series

Show
View Real Time Build Order
Export as new Build Order

ShaDoWn Protoss - Winner!

Build Orders:  

Get SALT Encoding   

  12  0:00  Probe  
  13  0:12  Probe  
  14  0:16  Pylon  
  14  0:24  Probe  
  15  0:34  Gateway  
  15  0:36  Probe (Chrono Boost)  
  16  0:47  Probe (Chrono Boost), Assimilator  
  17  0:52  Probe (Chrono Boost)  
  17  0:55  Assimilator  
  18  1:03  Probe (Chrono Boost)  
  19  1:07  Gateway  
  19  1:14  Probe (Chrono Boost)  
  20  1:18  Probe (Chrono Boost)  
  20  1:24  Cybernetics Core  
  21  1:29  Probe  
  22  1:35  Pylon  
  22  1:41  Probe  
  23  1:53  Probe  
  24  1:59  Warp Gate (Chrono Boost)  
  24  2:00  Adept x2  
  28  2:09  Probe  
  29  2:19  Pylon  
  29  2:30  Sentry  
  31  2:38  Nexus  
  31  2:40  Probe  
  31  2:43  Sentry  
  34  2:52  Probe  
  33  3:02  Stalker  
  33  3:04  Shield Battery  
  35  3:09  Robotics Facility  
  35  3:18  Pylon, Probe  
  36  3:30  Probe  
  35  3:42  Probe  
  35  3:46  Stalker  
  36  3:52  Probe  
  36  3:54  Probe  
  36  3:55  Sentry  
  39  4:04  Probe  
  39  4:06  Probe  
  39  4:09  Stalker  
  43  4:18  Probe, Twilight Council  
  43  4:20  Probe  
  45  4:24  Stalker  
  47  4:37  Probe  
  47  4:38  Stalker  
  49  4:39  Probe  
  50  4:49  Probe  
  50  4:50  Blink (Chrono Boost)  
  50  4:52  Probe  
  52  5:00  Stalker  
  52  5:01  Probe  
  52  5:06  Probe  
  54  5:13  Probe (Chrono Boost)  
  54  5:16  Robotics Facility  
  55  5:24  Probe (Chrono Boost)  
  55  5:25  Probe (Chrono Boost)  
  55  5:26  Shield Battery  
  56  5:32  Probe x2 (Chrono Boost)  
  56  5:33  Assimilator  
  56  5:42  Probe (Chrono Boost)  
  58  5:44  Probe (Chrono Boost)  
  58  5:46  Nexus  
  59  5:50  Pylon  
  59  5:52  Stalker  
  59  5:54  Stalker  
  62  6:05  Immortal (Chrono Boost)  
  62  6:10  Probe x2  
  68  6:16  Stalker, Pylon  
  70  6:29  Shield Battery  
  70  6:34  Probe x2  
  70  6:36  Forge  
  70  6:37  Immortal (Chrono Boost)  
  76  6:46  Probe x2  
  78  6:49  Stalker  
  78  6:54  Shield Battery  
  78  6:57  Probe  
  78  6:58  Stalker, Probe  
  78  7:00  Probe  
  83  7:02  Charge  
  83  7:10  Probe (Chrono Boost)  
  83  7:11  Probe (Chrono Boost)  
  83  7:12  Probe (Chrono Boost)  
  86  7:16  Protoss Ground Weapons Level 1 (Chrono Boost)  
  86  7:17  Observer  
  86  7:22  Probe (Chrono Boost)  
  89  7:23  Pylon, Probe (Chrono Boost)  
  89  7:24  Probe (Chrono Boost)  
  89  7:27  Gateway  
  89  7:28  Gateway  
  89  7:29  Probe (Chrono Boost)  
  91  7:30  Probe x2 (Chrono Boost)  
  91  7:31  Gateway  
  89  7:37  Probe  
  89  7:40  Probe  
  91  7:45  Stalker x2  
  91  7:50  Pylon  
  95  7:51  Probe  
  95  7:54  Assimilator  
  95  7:57  Nexus  
  96  8:00  Probe  
  96  8:01  Assimilator  
  97  8:09  Templar Archives  
  97  8:12  Zealot x2  
  99  8:17  Gateway  
  101  8:26  Stalker x2  
  105  8:38  Probe x2  
  105  8:40  Pylon  
  105  8:41  Pylon  
  107  8:47  Gateway, High Templar  
  109  8:48  Gateway  
  109  8:50  Pylon  
  109  8:52  Photon Cannon  
  109  8:55  Pylon  
  109  9:00  Gateway  
  109  9:02  High Templar  
  111  9:05  Protoss Ground Weapons Level 2 (Chrono Boost), Zealot x3  
  111  9:08  Archon, Warp Prism  
  111  9:09  Probe  
  118  9:11  Shield Battery  
  118  9:14  Zealot  
  120  9:21  Probe  
  120  9:22  Probe x2  
  120  9:23  Pylon  
  125  9:28  High Templar x3  
  125  9:30  High Templar  
  133  9:33  Gateway  
  133  9:35  Photon Cannon, Archon x2  
  133  9:36  Gateway  
  133  9:38  Zealot x2  
  133  9:42  Photon Cannon  
  137  9:47  Zealot x2  
  137  9:50  Pylon  
  141  9:55  Zealot  
  143  10:06  High Templar x2, Zealot x4  
  151  10:10  Pylon  
  151  10:11  Archon, Zealot x2  
  153  10:24  Probe, Zealot  
  153  10:25  Probe  
  135  10:29  Zealot x5  
  135  10:32  Probe  
  135  10:33  Zealot x3  
  130  10:38  Zealot  
  130  10:40  Zealot  
  124  10:43  Probe  
  124  10:46  Zealot  
  125  10:50  Warp Prism (Chrono Boost)  
  125  10:52  Zealot x5  
  125  10:56  Zealot x3  
  143  11:01  High Templar x2  
  143  11:12  Zealot  
  143  11:13  Zealot x3  
  143  11:15  Nexus  
  149  11:25  Zealot x5  
  152  11:28  Archon  
Show
View Real Time Build Order
Export as new Build Order

DnS Protoss 

Build Orders: Oracle Opening 

Get SALT Encoding   

  12  0:00  Probe  
  13  0:12  Probe  
  14  0:17  Pylon  
  14  0:24  Probe (Chrono Boost)  
  16  0:36  Probe (Chrono Boost), Gateway  
  16  0:43  Probe (Chrono Boost)  
  16  0:46  Assimilator  
  17  0:50  Probe  
  17  0:53  Assimilator  
  18  1:03  Probe (Chrono Boost)  
  19  1:07  Gateway  
  19  1:14  Probe (Chrono Boost)  
  20  1:19  Probe (Chrono Boost)  
  20  1:23  Cybernetics Core  
  21  1:29  Probe  
  22  1:35  Pylon  
  22  1:41  Probe  
  23  1:53  Probe  
  24  1:59  Adept  
  24  2:00  Warp Gate, Adept  
  28  2:11  Stargate  
  28  2:16  Pylon  
  28  2:20  Probe  
  29  2:29  Stalker  
  31  2:53  Oracle (Chrono Boost)  
  34  3:05  Shield Battery  
  34  3:09  Nexus  
  34  3:17  Shield Battery  
  34  3:19  Probe  
  35  3:31  Probe  
  36  3:37  Oracle  
  39  3:51  Twilight Council  
  39  3:54  Pylon  
  39  4:05  Pylon  
  39  4:12  Probe  
  40  4:24  Stalker x2, Probe (Chrono Boost)  
  44  4:29  Probe (Chrono Boost)  
  46  4:36  Blink (Chrono Boost)  
  46  4:37  Probe (Chrono Boost)  
  44  4:41  Probe (Chrono Boost)  
  44  4:44  Probe (Chrono Boost)  
  46  4:46  Probe (Chrono Boost)  
  46  4:51  Probe  
  48  4:55  Stalker, Probe  
  51  5:03  Probe  
  52  5:08  Probe  
  52  5:13  Stalker  
  51  5:15  Probe  
  51  5:17  Gateway x2  
  51  5:20  Probe  
  53  5:22  Stalker  
  55  5:31  Probe  
  55  5:33  Pylon  
  55  5:42  Probe  
  56  5:43  Probe  
  56  5:47  Nexus  
  56  5:49  Stalker  
  59  5:50  Stalker  
  59  5:53  Pylon  
  59  5:56  Probe  
  62  5:57  Probe  
  62  6:01  Assimilator  
  63  6:05  Pylon  
  63  6:08  Probe  
  64  6:12  Stalker x2  
  64  6:17  Stalker  
  70  6:21  Stalker  
  72  6:26  Pylon  
  72  6:29  Probe x2  
  74  6:35  Robotics Facility  
  74  6:41  Probe x2  
  76  6:50  Stalker x3  
  76  6:51  Stalker  
  76  6:53  Probe  
  85  6:57  Probe  
  85  7:00  Probe  
  85  7:01  Forge  
  87  7:07  Probe  
  88  7:13  Probe x2  
  88  7:14  Stalker x3  
  96  7:17  Charge (Chrono Boost)  
  96  7:19  Stalker  
  96  7:21  Probe  
  99  7:23  Observer  
  99  7:25  Probe  
  99  7:28  Protoss Ground Weapons Level 1 (Chrono Boost), Pylon, Probe  
  102  7:33  Probe  
  99  7:37  Probe  
  99  7:40  Probe  
  97  7:45  Probe, Gateway  
  97  7:48  Gateway  
  97  7:49  Probe  
  97  7:50  Assimilator  
  99  7:53  Gateway x2  
  99  7:59  Templar Archives  
  99  8:00  Probe  
  99  8:04  Probe  
  101  8:07  Assimilator  
  101  8:12  Gateway  
  101  8:13  Gateway  
  101  8:18  Zealot x4  
  109  8:20  Shield Battery  
  109  8:23  Pylon  
  109  8:24  Pylon  
  109  8:33  Pylon  
  109  8:39  High Templar x2  
  109  8:40  Sentry, Zealot  
  117  8:42  Nexus  
  117  8:44  Archon  
  117  8:45  Pylon  
  117  8:48  Pylon  
  117  8:49  Zealot x2  
  117  8:51  Zealot  
  117  8:53  Warp Prism (Chrono Boost)  
  125  9:02  Observer  
  125  9:05  High Templar x2, Zealot  
  125  9:09  Archon  
  128  9:11  Photon Cannon  
  128  9:14  Zealot x4  
  136  9:19  Photon Cannon  
  136  9:22  Observer  
  137  9:41  High Templar x2  
  137  9:42  Zealot x7  
  137  9:45  Pylon  
  155  9:46  Archon  
  153  10:00  Pylon  
  153  10:07  High Templar x2, Zealot x6  
  153  10:11  Archon  
  167  10:15  Zealot x2  
  135  10:28  Zealot x6  
  113  10:38  Zealot x2  
  113  10:39  Zealot x2  
  85  10:50  High Templar x2  
  85  10:51  Shield Battery, High Templar x2, Zealot x2  
  85  10:54  Archon x2  
  85  10:55  Immortal (Chrono Boost)  
  89  11:00  Zealot  
  89  11:01  Zealot x3  
  91  11:14  Zealot x2  
  89  11:21  Zealot x2  
  89  11:22  Zealot x2  
  89  11:24  Zealot x4  

Tags
 
Add a new tag
Caveats
  • Supply blocks, unpowered buildings, or Contaminate may cause inaccurate times.
  • Supply counts are checked every 10 seconds.